 Dungeon Crawl Stone Soup version 0.21-a0-221-gfe971b9 (webtiles) character file.

39 tidbits the Skirmisher (level 3, -1/33 HPs)
             Began as a Draconian Wanderer on Aug 26, 2017.
             Slain by Robin
             ... wielding a +0 spear
              (3 damage)
             ... on level 2 of the Dungeon.
             The game lasted 00:03:08 (286 turns).

tidbits the Skirmisher (Draconian Wanderer)          Turns: 286, Time: 00:03:08

Health: -1/33      AC:  5    Str: 13    XL:     3   Next: 28%
Magic:  4/4        EV: 12    Int: 16    God:
Gold:   90         SH:  0    Dex: 10    Spells: 2/2 levels left

rFire    . . .     SeeInvis .   a - +0 hand axe
rCold    . . .     Gourm    .   (no shield)
rNeg     . . .     Faith    .   (armour unavailable)
rPois    .         Spirit   .   (helmet restricted)
rElec    .         Reflect  .   (no cloak)
rCorr    .         Harm     .   (no gloves)
MR       .....                  (no boots)
Stlth    +.........             (no amulet)
HPRegen  0.11/turn              f - +2 ring of intelligence
MPRegen  0.09/turn              (no ring)

@: no status effects
A: unfitting armour, cold-blooded, AC +5
a: no special abilities


You were on level 2 of the Dungeon.
You were not hungry.

You visited 1 branch of the dungeon, and saw 2 of its levels.

You collected 90 gold pieces.

Inventory:

Hand Weapons
 a - a +0 hand axe (weapon)
 b - a +0 mace
Missiles
 g - 47 arrows
Armour
 j - a +0 scale mail
Jewellery
 f - a +2 ring of intelligence (left hand)
   (You found it on level 1 of the Dungeon)
Scrolls
 e - 2 scrolls of remove curse {unknown}
 i - 2 scrolls of identify
Potions
 h - a potion of flight
Miscellaneous
 c - a lamp of fire
Comestibles
 d - a bread ration


   Skills:
 + Level 4.1 Fighting
 - Level 3.0 Axes
   Level 1.7 Bows
 + Level 1.6 Dodging
 - Level 2.0 Evocations


You had 2 spell levels left.
You didn't know any spells.

Dungeon Overview and Level Annotations

Branches:
Dungeon (2/15)

Altars:
Hepliaklqana
Ru

Annotations:
D:2 Robin


Innate Abilities, Weirdness & Mutations

Your plain brown scales are hard. (AC +5)
You cannot fit into any form of body armour.
You are cold-blooded and may be slowed by cold attacks.


Message History

You now have 90 gold pieces (gained 9).
The hobgoblin shouts! x2
Robin roars a battlecry!
The goblins go into a battle-frenzy!
Okay, then.
You barely miss the goblin. The goblin closely misses you.
A goblin comes into view. It is wielding a club.
You closely miss the goblin.
The goblin shouts!
You hit the goblin but do no damage. The goblin barely misses you.
Robin throws the goblin at you!
A hobgoblin comes into view. It is wielding a club.
The hobgoblin shouts!
You hit the goblin.
The goblin is severely wounded.
You barely miss the goblin. You hit the goblin.
You hit the goblin but do no damage. The goblin closely misses you.
The goblin barely misses you. The goblin hits you but does no damage.
The goblin misses you.
You closely miss the goblin.
The goblin is severely wounded.
You hit the goblin.
You kill the goblin!
You have reached level 3!
Your experience leads to an increase in your attributes!
Your base attributes are Str 13, Int 14, Dex 9.
Increase (S)trength, (I)ntelligence, or (D)exterity?
You feel agile.
Your scales feel tougher.
You hit the goblin but do no damage. You hit the goblin. The goblin misses you.
You hit the goblin.
You kill the goblin!
You hit the goblin.
You kill the goblin!
You hit the goblin.
You kill the goblin!
You hit the hobgoblin but do no damage. You hit the hobgoblin.
Robin throws the goblin at you! The goblin hits you but does no damage.
The hobgoblin barely misses you. The hobgoblin closely misses you.
Unknown command.
You barely miss the hobgoblin.
Your tail-slap misses the hobgoblin.
The hobgoblin is severely wounded.
You hit the goblin.
You kill the goblin!
You barely miss the goblin. You hit the hobgoblin.
The goblin completely misses you. The hobgoblin hits you with a club.
The hobgoblin barely misses you. Robin barely misses you.
The goblin barely misses you.
Unknown command.
You closely miss the hobgoblin. You tail-slap the hobgoblin.
The hobgoblin is severely wounded.
You hit the goblin.
You kill the goblin!
You hit the hobgoblin. The hobgoblin hits you.
Robin hits you from afar with a spear. The hobgoblin closely misses you.
Unknown command.
You closely miss the hobgoblin.
The hobgoblin is severely wounded.
You completely miss the hobgoblin. You hit the hobgoblin.
You kill the hobgoblin!
The hobgoblin hits you.
The hobgoblin hits you but does no damage.
Robin hits you from afar with a spear. The hobgoblin closely misses you.
Unknown command.
You hit the hobgoblin but do no damage.
The hobgoblin is severely wounded.
You hit the hobgoblin. Robin hits you but does no damage.
The hobgoblin barely misses you. The hobgoblin misses you.
Unknown command.
You hit the hobgoblin.
You kill the hobgoblin!
You hit the hobgoblin but do no damage. Robin hits you from afar with a spear.
* * * LOW HITPOINT WARNING * * *
The hobgoblin hits you but does no damage.
Unknown command.
The hobgoblin no longer looks unusually strong.
Robin hits you with a spear.
* * * LOW HITPOINT WARNING * * *
The hobgoblin barely misses you.
You see here a hobgoblin corpse.
Unknown command.
You hit Robin.
Robin is heavily wounded.
You closely miss the hobgoblin.
Robin roars a battlecry!
The hobgoblin goes into a battle-frenzy!
The hobgoblin hits you with a club!
* * * LOW HITPOINT WARNING * * *
Unknown command.
Okay, then.
You hit Robin but do no damage.
Robin is heavily wounded.
You hit the hobgoblin. Robin hits you but does no damage.
The hobgoblin closely misses you.
Unknown command.
You closely miss Robin.
Robin is moderately wounded.
You hit the hobgoblin.
You kill the hobgoblin!
Robin hits you but does no damage. Robin hits you with a spear.
You die...

.................#
.........#.......#
.................#
#...............##
#.#.......##.....#
.............#...#
..#......#.....))###
..######.......).†.#
#.# ..#.....)@#.#
#.. . #.....g....#
....
!.......##.....#
..... .$.......
.).### .....
........# #...
....... .... .######
#.. ##


You could see Robin.

Vanquished Creatures
  A leopard gecko (D:1)
  7 goblins
  8 hobgoblins
  5 jackals
  A kobold (D:1)
  A quokka (D:2)
  A ball python (D:1)
  5 bats
  2 frilled lizards
  A toadstool (D:1)
32 creatures vanquished.

Notes
Turn   | Place    | Note
-------+----------+-------------------------------------------
     0 | D:1      | tidbits the Draconian Wanderer began the quest for the Orb.
     0 | D:1      | tidbits set off with: a lamp of fire, a +0 mace, a +0 hand axe, a bread ration
     0 | D:1      | Reached XP level 1. HP: 19/19 MP: 2/2
    52 | D:1      | Reached XP level 2. HP: 27/27 MP: 3/3
    55 | D:1      | Reached skill level 1 in Dodging
   156 | D:2      | Found a hazy altar of Hepliaklqana.
   173 | D:2      | Reached skill level 4 in Fighting
   201 | D:2      | Found a sacrificial altar of Ru.
   272 | D:2      | Noticed Robin
   276 | D:2      | Reached XP level 3. HP: 28/33 MP: 4/4
   284 | D:2      | HP: 2/33 [hobgoblin/club[Robin] (9)]
   286 | D:2      | Slain by Robin

Vault maps used:
D:1:      ldierk_water_garden, kennysheep_decorative_pillar
D:2:      tso_oasis_becter, lemuel_crystal_altar, nicolae_ru_awakened_eye,
          uniq_robin

Skill      XL: |  1  2 |
---------------+-------+-----
Dodging        | 1 |  1.6
Fighting       | 4 |  4.1
Axes           | |  3.0
Bows           | |  1.7
Evocations     | |  2.0

Action                   || total
-------------------------++-------
Melee: Hand axe          ||    66
       Tailslap          ||     3
  Use: Scroll            ||     1
Armor: Skin              ||    27
Dodge: Dodged            ||    46

Table legend:
 A = Spawn XP
 B = Non-spawn XP
 C = Spawn XP percentage of total XP
 D = Spawn monster count
 E = Non-spawn monster count
 F = Spawn count percentage of total count
 G = Total turns spent on level
                    A         B        C        D         E        F      G
               +---------+---------+-------+---------+---------+-------+---------
         Total |       0 |      57 |   0.0 |       0 |      31 |   0.0 |   286
               +---------+---------+-------+---------+---------+-------+---------
           D:1 |       0 |      26 |   0.0 |       0 |      15 |   0.0 |   150
           D:2 |       0 |      31 |   0.0 |       0 |      16 |   0.0 |   136
               +---------+---------+-------+---------+---------+-------+---------

Table legend:
 A = Turns spent in this place as a percentage of turns spent in the entire game.
 B = Non-inter-level travel turns spent in this place as a percentage of non-inter-level travel turns spent in the entire game.
 C = Inter-level travel turns spent in this place as a percentage of turns spent in this place.
 D = Turns resting spent in this place as a percentage of non-inter-level travel turns spent in this place.
 E = Turns spent auto-exploring this place as a percentage of non-inter-level travel turns spent in this place.
 F = Non-inter-level travel turns spent in this place divided by the number of levels of this place that you've seen.
                   A       B       C       D       E      F
               +-------+-------+-------+-------+-------+----------------------
         Total | 100.0 | 100.0 |   0.0 |   0.0 |   0.0 | 143.0
       Dungeon | 100.0 | 100.0 |   0.0 |   0.0 |   0.0 | 143.0
               +-------+-------+-------+-------+-------+----------------------

Table legend:
 A = Kills in this place as a percentage of kills in entire the game.
 B = Kills by you in this place as a percentage of kills by you in the entire game.
 C = Kills by friends in this place as a percentage of kills by friends in the entire game.
 D = Other kills in this place as a percentage of other kills in the entire game.
 E = Experience gained in this place as a percentage of experience gained in the entire game.
 F = Experience gained in this place divided by the number of levels of this place that you have seen.
                   A       B       C       D       E      F
               +-------+-------+-------+-------+-------+----------------------
         Total | 100.0 | 100.0 |   N/A |   N/A | 100.0 |  28.5
       Dungeon | 100.0 | 100.0 |   N/A |   N/A | 100.0 |  28.5
               +-------+-------+-------+-------+-------+----------------------

Vault maps used:
D:1:      ldierk_water_garden, kennysheep_decorative_pillar
D:2:      tso_oasis_becter, lemuel_crystal_altar, nicolae_ru_awakened_eye,
          uniq_robin
